AoeStats
← WolfGang_Mucahit

Nomad

505954710Analyzed
2v2 RM · 22d ago on Sep 11, 2026· 83m 5s· 4 players
Game mode
Random Map
Map size
176×176
Population
200
Speed
Normal
Resources
Standard
Victory
Conquest
Starting age
Dark Age
Ending age
Imperial Age
RankedLock teamsTeams togetherTeam positionsShared explorationLock speedFull tech treeHidden civsTurbo modeCheats
Victory
Defeat
🇧🇪 Japanese · Belgium
921
+15
🇺🇸 Khmer · United States
825
+19
🇧🇪 Burgundians · Belgium
1020
-37
🇧🇪 Japanese · Belgium
776
-12
Grand2024
3:02 Loom
17:46 Feudal Age
18:13 Fishing Lines
19:44 Fletching
20:05 Forging
19:58 Double-Bit Axe
23:04 Castle Age
22:59 Padded Archer Armor
23:01 Scale Mail Armor
24:10 Bodkin Arrow
23:38 Pikeman
24:48 Gillnets
25:24 Town Watch
26:34 Bow Saw
27:48 Wheelbarrow
27:16 Crossbowman
29:59 Ballistics
32:13 Imperial Age
30:00 Hand Cart
30:36 Leather Archer Armor
32:45 Masonry
32:15 Treadmill Crane
33:15 Iron Casting
32:55 Chain Mail Armor
32:56 Scale Barding Armor
35:15 Two-Man Saw
36:49 Chemistry
36:51 Kataparuto
36:14 Arbalester
37:07 Murder Holes
38:08 Thumb Ring
38:53 Bracer
39:54 Blast Furnace
38:54 Horse Collar
39:58 Conscription
39:50 Siege Engineers
39:56 Fortified Wall
41:32 Halberdier
43:11 Elite Samurai
43:58 Squires
47:10 Plate Mail Armor
47:11 Ring Archer Armor
49:16 Chain Barding Armor
51:14 Husbandry
52:46 Gold Mining
52:46 Stone Mining
52:34 Cavalier
53:27 Bloodlines
55:07 Hoardings
54:06 Elite Cannon Galleon
56:38 Gold Shaft Mining
60:02 Elite Skirmisher
71:48 Redemption
72:11 Illumination
71:59 Fervor
77:47 Light Cavalry
xDATASURFERx
13:55 Loom
16:01 Feudal Age
18:43 Bloodlines
22:14 Scale Barding Armor
25:04 Castle Age
23:06 Double-Bit Axe
27:07 Bow Saw
33:36 Imperial Age
31:55 Padded Archer Armor
31:46 Fletching
32:23 Ballistics
34:35 Wheelbarrow
33:42 Horse Collar
33:54 Gold Mining
33:56 Stone Mining
36:01 Parthian Tactics
36:46 Hand Cart
37:10 Bodkin Arrow
37:31 Leather Archer Armor
38:44 Gold Shaft Mining
38:11 Heavy Plow
38:51 Stone Shaft Mining
41:04 Pikeman
41:25 Elite Ballista Elephant
42:27 Conscription
43:23 Halberdier
49:00 Double Crossbow
49:28 Husbandry
48:50 Cavalier
52:35 Bracer
52:47 Forging
52:58 Chain Barding Armor
54:17 Caravan
54:19 Heavy Scorpion
56:27 Scale Mail Armor
57:04 Iron Casting
81:10 Light Cavalry
WolfGang_Mucahit
14:13 Feudal Age
15:36 Wheelbarrow
15:19 Double-Bit Axe
22:33 Stone Mining
24:58 Castle Age
23:41 Scale Mail Armor
24:14 Arson
25:49 Horse Collar
31:45 Squires
34:23 Gambesons
35:42 Padded Archer Armor
35:33 Fletching
35:24 Elite Skirmisher
36:20 Crossbowman
36:32 Crossbowman
51:18 Imperial Age
55:32 Pikeman
57:36 Halberdier
68:08 Bow Saw
Samourai_Furieux
11:18 Double-Bit Axe
11:31 Horse Collar
18:28 Feudal Age
17:48 Gold Mining
17:54 Stone Mining
22:42 Castle Age
21:22 Heavy Plow
22:42 Bow Saw
23:13 Gold Shaft Mining
24:58 Town Watch
29:30 Stone Shaft Mining
31:23 Scale Barding Armor
32:51 Wheelbarrow
32:37 Husbandry
36:01 Imperial Age
34:50 Forging
36:22 Two-Man Saw
35:59 Crop Rotation
34:59 Elite Skirmisher
36:56 Elite Coustillier
38:11 Capped Ram
43:43 Chemistry
45:47 Chain Barding Armor
46:04 Iron Casting
50:08 Padded Archer Armor
55:16 Plate Barding Armor
55:42 Blast Furnace
56:06 Leather Archer Armor
55:41 Fletching
Connection lost

Rejoining the realm…

Still unreachable

The connection could not be restored.

Session expired

The server has moved on; the page needs a fresh start.